 Dungeon Crawl Stone Soup version 0.20-a0-449-g96be121 (webtiles) character file.

93 Amnesiac the Vexing (level 4, -3/30 HPs)
             Began as a Mummy Enchanter on Jan 8, 2017.
             Slain by a worker ant (8 damage)
             ... on level 3 of the Dungeon.
             The game lasted 00:05:21 (2113 turns).

Amnesiac the Vexing (Mummy Enchanter)               Turns: 2113, Time: 00:05:22

Health: -3/30      AC:  5    Str: 11    XL:     4   Next: 37%
Magic:  3/9        EV: 12    Int: 15    God:
Gold:   70         SH:  0    Dex: 12    Spells: 1/10 levels left

rFire  x . .     SeeInvis .     a - +1 dagger
rCold  + . .     Gourm    .     b - +0 robe
rNeg   + + +     Faith    .     (no shield)
rPois  ∞         Spirit   .     (no helmet)
rElec  .         Reflect  .     f - +2 cloak
rCorr  .         Harm     .     (no gloves)
MR     .....                    (no boots)
Stlth  ++........               (no amulet)
                                (no ring)
                                (no ring)

@: no status effects
A: no food or potions, fire vulnerability, cold resistance 1, negative energy
resistance 3, torment resistance, unbreathing
a: no special abilities


You were on level 3 of the Dungeon.
You were not hungry.

You visited 1 branch of the dungeon, and saw 4 of its levels.

You collected 70 gold pieces.

Inventory:

Hand Weapons
 a - a +1 dagger (weapon)
Missiles
 j - 6 silver javelins (quivered)
Armour
 b - a +0 robe (worn)
 f - a +2 cloak (worn)
Jewellery
 g - an uncursed ring of teleportation
Scrolls
 d - 2 scrolls of remove curse
Books
 c - a book of Maledictions

   Spells                             Type                      Level
   a - Corona                         Hexes                        1
   b - Ensorcelled Hibernation        Hexes/Ice                    2
   c - Confuse                        Hexes                        3
   d - Tukima's Dance                 Hexes                        3
   e - Dazzling Spray                 Conjuration/Hexes            3


   Skills:
 - Level 1.0 Short Blades
 - Level 1.5 Dodging
 - Level 2.4 Stealth
 + Level 3.9 Spellcasting
 * Level 4.1 Hexes


You had one spell level left.
You knew the following spells:

 Your Spells              Type           Power        Failure   Level  Hunger
e - Confuse               Hex            ###.....     12%         3    N/A
f - Corona                Hex            ###....      3%          1    N/A
w - Tukima's Dance        Hex            ###.....     12%         3    N/A
z - Ensorcelled Hibernat  Hex/Ice        #.....       12%         2    N/A

Dungeon Overview and Level Annotations

Branches:
Dungeon (4/15)
 Temple: D:4-7

Altars:
Kikubaaqudgha


Innate Abilities, Weirdness & Mutations

You do not eat or drink.
Your flesh is vulnerable to fire.
You are immune to poison.
Your flesh is cold resistant. (rC+)
You are immune to negative energy. (rN+++)
You are immune to unholy pain and torment.
You can survive without breathing.


Message History

The worker ant misses you.
Your magical contamination has completely faded away.
The worker ant misses you.
The orc shouts!
The worker ant bites you.
* * * LOW HITPOINT WARNING * * *
There is an escape hatch in the ceiling here.
The worker ant misses you. A mysterious force pulls you upwards.
The hatch slams shut behind you.
An ooze comes into view.
The ooze quivers.
There is an open door here.
You see here a frilled lizard skeleton.
There is a stone staircase leading up here.
The worker ant barely misses you.
You see here a meat ration.
The worker ant bites you but does no damage.
The worker ant waves its antennae.
The worker ant bites you!
You die...

#.#
#........##.###.##...##.##
#.# ####....#...#
#(##...##... #.# #..#....##
#......###.# ...
######..#.#### #####.## #..
... #.........# #.# ##.
.....#.####..#############.#
. ..... #......†....##.%.###
# ##.###
#..########.###....#
#.....@a.J....'....#
##.########.###....# ...#
#.###....# .....# #.J..#####
..###### ####J# . #.# #J#
#<# ########÷##


You could see a worker ant and an ooze.

Vanquished Creatures
  A hound (D:4)
  2 adders
  A leopard gecko (D:1)
  A ball python (D:1)
  6 bats
  4 giant cockroaches
  6 goblins
  4 hobgoblins (D:1)
  6 frilled lizards
  7 kobolds
  12 rats
50 creatures vanquished.

Notes
Turn   | Place    | Note
-------+----------+-------------------------------------------
     0 | D:1      | Amnesiac the Mummy Enchanter began the quest for the Orb.
     0 | D:1      | Reached XP level 1. HP: 13/13 MP: 4/4
   311 | D:1      | Reached skill level 1 in Short Blades
   367 | D:1      | Reached skill level 3 in Hexes
   481 | D:1      | Reached XP level 2. HP: 17/19 MP: 3/5
   524 | D:1      | Learned a level 2 spell: Ensorcelled Hibernation
  1417 | D:1      | Reached XP level 3. HP: 22/24 MP: 0/7
  1835 | D:3      | Learned a level 3 spell: Confuse
  1852 | D:3      | Learned a level 3 spell: Tukima's Dance
  1970 | D:3      | Found an ancient bone altar of Kikubaaqudgha.
  2075 | D:4      | Reached skill level 4 in Hexes
  2075 | D:4      | Reached XP level 4. HP: 15/30 MP: 0/9
  2113 | D:3      | Slain by a worker ant

Vault maps used:
D:1:      minmay_arrival_nine_rooms
D:3:      lemuel_round_altar, vehumet_crystals, first_bread,
          makhleb_heckhound_becter
D:4:      tso_metal_star

Skill      XL: |  1  2  3 |
---------------+----------+-----
Short Blades   | 1 |  1.0
Hexes          | 3 4 |  4.1
Spellcasting   | 3 |  3.9
Dodging        | |  1.5
Stealth        | |  2.4

Action                   |  1- 3 |  4- 6 || total
-------------------------+-------+-------++-------
Melee: Dagger            |   136 |       ||   136
 Cast: Corona            |    22 |       ||    22
       Ensorcelled Hiber |    21 |     1 ||    22
  Use: Scroll            |     1 |     3 ||     4
 Stab: Sleeping          |    17 |       ||    17
Armor: Robe              |    61 |     1 ||    62
Dodge: Dodged            |   124 |     7 ||   131
